 Dungeon Crawl Stone Soup version 0.28.0-1-gb440e238dd (webtiles) character file.

Game seed: 12563996608523556280

116 smarlow the Firebug (level 5, -1/48 HPs)
             Began as an Ogre Fire Elementalist on Feb 25, 2022.
             Slain by a rat (2 damage)
             ... on level 3 of the Dungeon.
             The game lasted 00:06:29 (2450 turns).

smarlow the Firebug (Ogre Fire Elementalist)        Turns: 2450, Time: 00:06:30

Health: -1/48      AC:  3    Str: 12    XL:     5   Next: 1%
Magic:  2/10       EV: 10    Int: 18    God:
Gold:   49         SH:  0    Dex:  9    Spells: 7/10 levels left

rFire   . . .      SeeInvis .   (no weapon)
rCold   . . .      Faith    .   (no shield)
rNeg    . . .      Spirit   .   a - +0 robe
rPois   .          Reflect  .   (helmet restricted)
rElec   .          Harm     .   (no cloak)
rCorr   .          Rampage  .   (gloves unavailable)
Will    .....                   (boots unavailable)
Stlth   ++........              (no amulet)
HPRegen 0.16/turn               e - ring of flight
MPRegen 0.12/turn               (no ring)

@: flying
A: large, unfitting armour, tough skin 1
a: no special abilities


You were on level 3 of the Dungeon.
You visited 1 branch of the dungeon, and saw 3 of its levels.

You collected 49 gold pieces.

Inventory:

Armour
 a - a +0 robe (worn)
Jewellery
 e - a ring of flight (left hand)
Scrolls
 d - a scroll of noise
Potions
 b - a potion of lignification
 c - a potion of heal wounds {unknown}


   Skills:
 + Level 1.4 Fighting
 + Level 2.3 Dodging
 - Level 1.6 Stealth
 * Level 3.3 Spellcasting
 * Level 1.9 Conjurations
 * Level 3.4 Fire Magic


You had 7 spell levels left.
You knew the following spells:

 Your Spells              Type           Power      Damage    Failure   Level
a - Foxfire               Conj/Fire      48%        2x1d6     5%          1
b - Scorch                Fire           30%        2d7       6%          2

Your spell library contained the following spells:

 Spells                   Type           Power      Damage    Failure   Level
 Conjure Flame            Conj/Fire      12%        6-21      16%         3
 Inner Flame              Hex/Fire       9%         N/A       24%         3
 Flame Wave               Conj/Fire      12%        2d6       45%         4


Dungeon Overview and Level Annotations

Branches:
Dungeon (3/15)

Altars:
The Shining One


Innate Abilities, Weirdness & Mutations

You are too large for most types of armour.
You have tough skin. (AC +1)


Message History

You hit the orc wizard but do no damage.
The orc wizard is heavily wounded.
The orc wizard is no longer more vulnerable to fire.
The orc wizard points at you and mumbles some strange words.
You are confused.
The orc wizard barely misses you.
A rat comes into view.
You hit the orc wizard but do no damage.
The orc wizard is heavily wounded.
The orc wizard gestures at you while chanting.
The magic dart hits you!
* * * LOW HITPOINT WARNING * * *
You closely miss the orc wizard.
The orc wizard is heavily wounded.
The orc wizard barely misses you.
You feel less confused.
The orc wizard gestures at you while chanting.
The puff of flame misses you.
You hit the orc wizard.
The orc wizard is heavily wounded.
The orc wizard gestures at you while chanting.
The magic dart hits you.
* * * LOW HITPOINT WARNING * * *
The rat bites you.
* * * LOW HITPOINT WARNING * * *
Unknown command.
You hit the orc wizard but do no damage.
The orc wizard is heavily wounded.
The orc wizard hits you with a +0 dagger.
* * * LOW HITPOINT WARNING * * *
The rat barely misses you.
Unknown command.
You closely miss the orc wizard.
The orc wizard is heavily wounded.
The orc wizard gestures at you while chanting.
You resist with some effort. The rat closely misses you.
You closely miss the orc wizard.
The orc wizard is heavily wounded.
The orc wizard barely misses you. The rat bites you.
You die...

..############.
..
...............
..#
.#......#######
###...
######..# ....#
##.# ###....#
#.## #....#
#..## ##)..#
##..#####@r.#
##......o.##
#####...##
#..## .)>.#
#...## .....#
.##.### . ..


You could see an orc wizard and a rat.

Vanquished Creatures
  2 orc wizards (D:2)
  An adder (D:2)
  A worm (D:2)
  2 dart slugs
  3 orcs
  6 endoplasms
  A giant cockroach (D:1)
  4 goblins
  3 hobgoblins (D:1)
  6 jackals (D:1)
  4 ball pythons
  2 bats
  4 frilled lizards
  3 kobolds
  5 rats
47 creatures vanquished.

Vanquished Creatures (collateral kills)
  2 foxfires (D:1)
2 creatures vanquished.

Vanquished Creatures (others)
  122 foxfires
  7 plants (D:1)
129 creatures vanquished.

Grand Total: 178 creatures vanquished

Notes
Turn   | Place    | Note
-------+----------+-------------------------------------------
     0 | D:1      | smarlow the Ogre Fire Elementalist began the quest for the
                  | Orb.
     0 | D:1      | Reached XP level 1. HP: 16/16 MP: 3/3
    72 | D:1      | Reached skill level 1 in Conjurations
   248 | D:1      | Reached XP level 2. HP: 24/24 MP: 2/5
   942 | D:1      | Reached XP level 3. HP: 31/31 MP: 4/7
  1139 | D:1      | Learned a level 2 spell: Scorch
  1696 | D:2      | Reached skill level 1 in Fighting
  1696 | D:2      | Reached XP level 4. HP: 39/41 MP: 0/8
  1964 | D:2      | Found a glowing golden altar of the Shining One.
  2434 | D:3      | Reached XP level 5. HP: 25/48 MP: 2/10
  2448 | D:3      | HP: 1/48 [orc wizard (2)]
  2450 | D:3      | Slain by a rat

Illustrated notes

Levels and vault maps discovered:
D:1:      matt_arrival_refuge, layout_loops_ring, serial_forest,
          infiniplex_forest_corner_2, infiniplex_forest_3_way,
          infiniplex_forest_lined_room_3, infiniplex_forest_lined_room_2,
          infiniplex_forest_clump_C, infiniplex_forest_lined_3,
          infiniplex_forest_straight_4, infiniplex_forest_straight_4,
          infiniplex_forest_lined_3_way, serial_bayou_pond_a
D:2:      layout_loops_ring, basic_altar, hellmonk_ecumenical_altar_lost_god
D:3:      layout_rooms, serial_shops, shop

Skill      XL: |  1  2  3 |
---------------+----------+-----
Conjurations   | 1 |  1.9
Dodging        | 2 |  2.3
Fire Magic     | 3 |  3.4
Fighting       | 1 |  1.4
Spellcasting   | 3 |  3.3
Stealth        | |  1.6

Action                   |  1- 3 |  4- 6 || total
-------------------------+-------+-------++-------
Melee: Unarmed           |     1 |    10 ||    11
 Cast: Foxfire           |    64 |    15 ||    79
       Scorch            |     4 |    11 ||    15
  Use: Scroll            |       |     3 ||     3
Armor: Robe              |    38 |     1 ||    39
Dodge: Dodged            |    48 |    11 ||    59
